 Dungeon Crawl Stone Soup version 0.29.1-2-gbd0b4ee654 (webtiles) character file.

Game seed: 9722544299488448438

3767 fantasyman the Cleaver (level 9, -9/79 HPs)
             Began as a Minotaur Fighter on Nov 14, 2022.
             Was a Believer of the Shining One.
             Mangled by a death yak (13 damage)
             ... on level 8 of the Dungeon.
             The game lasted 00:12:47 (8936 turns).

fantasyman the Cleaver (Minotaur Fighter)           Turns: 8936, Time: 00:12:48

Health: -9/79      AC: 15    Str: 22    XL:     9   Next: 94%
Magic:  8/8        EV: 10    Int: 13    God:    the Shining One [**....]
Gold:   654        SH:  9    Dex:  9    Spells: 8/8 levels left

rFire   . . .      SeeInvis .   t - +3 hand axe
rCold   . . .      Faith    .   g - +0 kite shield
rNeg    + . .      Spirit   .   o - +0 plate armour
rPois   .          Reflect  .   (helmet restricted)
rElec   .          Harm     .   r - +0 cloak
rCorr   .          Rampage  .   (no gloves)
Will    .....                   (no boots)
Stlth   ..........              (no amulet)
HPRegen 0.23/turn               A - +4 ring of evasion
MPRegen 0.11/turn               (no ring)

@: brilliant, on berserk cooldown, slowed, glowing, very slow
A: horns 2, retaliatory headbutt, clever 2, wild magic 1, evolution 1
a: Renounce Religion, Divine Shield


You were on level 8 of the Dungeon.
You worshipped the Shining One.
The Shining One was pleased with you.
You visited 2 branches of the dungeon, and saw 9 of its levels.
You also visited: Ossuary.

You collected 750 gold pieces.
You spent 96 gold pieces at shops.

Inventory:

Hand Weapons
 a - a +1 war axe
 t - a +3 hand axe (weapon)
Missiles
 k - a throwing net (quivered)
Armour
 g - a +0 kite shield (worn)
 o - a +0 plate armour (worn)
 r - a +0 cloak (worn)
Jewellery
 A - a +4 ring of evasion (left hand)
Wands
 u - a wand of acid (2)
 x - a wand of flame (15)
 B - a wand of paralysis (7)
Scrolls
 b - 3 scrolls of butterflies
 c - 4 scrolls of identify
 q - 2 scrolls of teleportation
 s - a scroll of magic mapping
 y - a scroll of enchant weapon
Potions
 d - 7 potions of curing
 e - a potion of degeneration
 f - a potion of attraction
 h - a potion of flight
 i - a potion of cancellation
 j - a potion of berserk rage
 l - 4 potions of invisibility
 m - 2 potions of lignification {unknown}
 n - 7 potions of brilliance
 p - 3 potions of haste {unknown}
 v - a potion of magic {unknown}
 w - 2 potions of heal wounds {unknown}
 z - 2 potions of mutation


   Skills:
 * Level 7.4 Fighting
 * Level 10.6 Axes
 * Level 9.1 Armour
 * Level 5.0 Dodging
 * Level 7.4 Shields


You had 8 spell levels left.
You didn't know any spells.
Your spell library contained the following spells:

 Spells                   Type           Power      Damage    Failure   Level
 Magic Dart               Conj           0%         1d3       100%        1
 Searing Ray              Conj           0%         2d4       100%        2
 Frozen Ramparts          Ice            0%         1d1       100%        3
 Fulminant Prism          Conj/Hex       0%         3d6       100%        4
 Ice Form                 Ice/Tmut       0%         N/A       100%        4
 Summon Ice Beast         Ice/Summ       0%         N/A       100%        4


Dungeon Overview and Level Annotations

Branches:
Dungeon (8/15)             Temple (1/1) D:5         Ossuary (visited)
   Lair: D:8-11

Altars:
Cheibriados
Dithmenos
Elyvilon
Gozag
Hepliaklqana
Makhleb
Okawaru
Trog
Wu Jian
Xom
Yredelemnul
The Shining One

Shops:
D:3 *

Annotations:
D:1 2 runed translucent doors


Innate Abilities, Weirdness & Mutations

You have a pair of horns on your head.
You reflexively headbutt those who attack you in melee.
Your mind is very acute. (Int +8, Str/Dex -2)
Your spells are a little harder to cast, but a little more powerful.
You have hidden genetic potential.


Message History

You slash the death yak! You headbutt the death yak.
The death yak is moderately wounded.
You slash the death yak!
The death yak is heavily wounded.
The death yak gores you.
The quokka twitches its whiskers.
You slash the death yak!
The death yak is heavily wounded.
You slash the death yak! You headbutt the death yak!
The death yak is almost dead.
You block the death yak's attack.
You slash the death yak!
You kill the death yak!
Your Armour skill increases to level 9!
Your Dodging skill increases to level 5!
You slash the death yak!
The death yak is lightly wounded.
You slash the death yak!
You headbutt the death yak, but do no damage.
The death yak is moderately wounded.
The death yak gores you!
You completely miss the death yak.
The death yak is moderately wounded.
You hit the death yak.
The death yak is moderately wounded.
The death yak barely misses you.
You slash the death yak!
The death yak is heavily wounded.
You are no longer berserk.
You are exhausted.
You feel yourself slow down. The death yak gores you!
* * * LOW HITPOINT WARNING * * *
You hit the death yak.
The death yak is heavily wounded.
The death yak gores you!
* * * LOW HITPOINT WARNING * * *
It was a potion of brilliance.
You feel clever all of a sudden. You block the death yak's attack.
The death yak gores you!
You die...

#########..#
#..........
##@## #..
##Y#.## #.# .#
#r###.#####.##.#
..Y...r##
##...##.##.#
....###
#.##.#...#.#####
.. #.#
#............
#.#
###...#....## #.
##.##...... #
#...P.....


You could see a death yak, a quokka and a rat.

Vanquished Creatures
  2 death yaks (D:8)
  Sigmund (D:5)
  Duvessa (D:4)
  A water moccasin (D:6)
  An orc warrior (D:6)
  A sky beast (D:7)
  A black bear (D:6)
  A centaur (D:6)
  An ogre (D:7)
  2 bullfrogs
  A necrophage (D:5)
  3 scorpions
  9 wights
  Dowan (D:4)
  4 killer bees (D:7)
  A centaur zombie (D:8)
  A jelly (D:4)
  4 hounds
  Crazy Yiuf (D:5)
  6 iguanas
  8 mummies (Ossuary)
  Robin (D:3)
  2 howler monkey zombies (D:8)
  10 adders
  5 gnolls
  A shadow imp (Temple)
  A white imp (D:6)
  An ufetubus (D:5)
  A dart slug (D:5)
  10 orcs
  3 ball pythons
  8 endoplasms
  3 giant cockroaches
  A gnoll zombie (Ossuary)
  8 hobgoblins
  6 jackals
  4 quokkas
  3 bats
  A frilled lizard (D:2)
  21 goblins
  4 hobgoblin zombies (Ossuary)
  11 kobolds
  A kobold zombie (Ossuary)
  2 orc zombies (Ossuary)
  8 rats
167 creatures vanquished.

Vanquished Creatures (others)
  4 fungi (D:7)
4 creatures vanquished.

Grand Total: 171 creatures vanquished

Notes
Turn   | Place    | Note
-------+----------+-------------------------------------------
     0 | D:1      | fantasyman the Minotaur Fighter began the quest for the
                  | Orb.
     0 | D:1      | Reached XP level 1. HP: 19/19 MP: 0/0
    36 | D:1      | Found a large runed translucent door.
    36 | D:1      | Found a large runed translucent door.
   280 | D:1      | Reached XP level 2. HP: 27/27 MP: 1/1
  1038 | D:2      | Found a faded altar of an unknown god.
  1151 | D:2      | Reached skill level 1 in Dodging
  1151 | D:2      | Reached XP level 3. HP: 25/33 MP: 2/2
  1483 | D:2      | Reached skill level 3 in Axes
  1811 | D:3      | Reached XP level 4. HP: 41/41 MP: 3/3
  1968 | D:3      | Noticed a bullfrog
  1978 | D:3      | Killed a bullfrog
  1979 | D:3      | Reached XP level 5. HP: 21/47 MP: 4/4
  2401 | D:3      | Found an iron altar of Okawaru.
  2414 | D:3      | Reached skill level 4 in Axes
  2442 | D:3      | Found Jeeradgh's General Store.
  2450 | D:3      | Bought a potion of mutation for 96 gold pieces
  2450 | D:3      | Gained mutation: You are occasionally teleported next to
                  | monsters. [potion of mutation]
  2730 | D:3      | Noticed Robin
  2745 | D:3      | Killed Robin
  3262 | D:4      | Noticed Duvessa
  3262 | D:4      | Noticed Dowan
  3268 | D:4      | Killed Duvessa
  3269 | D:4      | Reached skill level 5 in Fighting
  3269 | D:4      | Reached skill level 5 in Axes
  3269 | D:4      | Reached skill level 5 in Armour
  3269 | D:4      | Reached XP level 6. HP: 40/56 MP: 5/5
  3275 | D:4      | Killed Dowan
  4562 | D:5      | Entered Level 5 of the Dungeon
  4590 | D:5      | Reached skill level 6 in Axes
  4590 | D:5      | Reached XP level 7. HP: 55/61 MP: 6/6
  4630 | D:5      | Found a staircase to the Ecumenical Temple.
  4852 | Temple   | Entered the Ecumenical Temple
  5070 | Temple   | Became a worshipper of the Shining One
  5219 | D:5      | Noticed Sigmund
  5233 | D:5      | Killed Sigmund
  5469 | D:5      | Found a runed translucent door.
  5470 | D:5      | Noticed Crazy Yiuf
  5478 | D:5      | Killed Crazy Yiuf
  5479 | D:5      | Reached skill level 7 in Axes
  5658 | D:5      | Reached skill level 5 in Shields
  6005 | D:6      | Found a burning altar of Makhleb.
  6018 | D:6      | Reached XP level 8. HP: 38/70 MP: 7/7
  6669 | D:6      | Reached skill level 8 in Axes
  7617 | D:7      | Reached * piety under the Shining One
  7625 | D:7      | Reached XP level 9. HP: 54/78 MP: 8/8
  7628 | D:7      | Reached skill level 9 in Axes
  7880 | D:7      | Found a sand-covered staircase.
  7892 | Ossuary  | Entered an ossuary
  8135 | Ossuary  | Reached ** piety under the Shining One
  8196 | Ossuary  | Lost mutation: You are occasionally teleported next to
                  | monsters. [potion of mutation]
  8196 | Ossuary  | Gained mutation: Your mind is acute. (Int +4, Str/Dex -1)
                  | [potion of mutation]
  8196 | Ossuary  | Gained mutation: Your spells are a little harder to cast,
                  | but a little more powerful. [potion of mutation]
  8196 | Ossuary  | Gained mutation: Your mind is very acute. (Int +8, Str/Dex
                  | -2) [potion of mutation]
  8196 | Ossuary  | Gained mutation: You have hidden genetic potential. [potion
                  | of mutation]
  8905 | D:8      | Noticed a death yak
  8916 | D:8      | Noticed a death yak
  8922 | D:8      | Killed a death yak
  8923 | D:8      | Reached skill level 10 in Axes
  8923 | D:8      | Noticed a death yak
  8929 | D:8      | Killed a death yak
  8930 | D:8      | Reached skill level 5 in Dodging
  8936 | D:8      | Mangled by a death yak

Illustrated notes

Levels and vault maps discovered:
D:1:      erik_arrival_cave_to_civilisation [erik_arrival_cave_to_temple],
          layout_basic
D:2:      layout_loops_ring, basic_ecumenical_altar,
          minmay_misc_feat_four_crosses
D:3:      layout_loops_corners, okawaru_altar_gauntlet_db, serial_shops,
          nicolae_shop_crystal, minmay_misc_feat_encased, uniq_robin
D:4:      layout_basic, skrybe_limestone_x, uniq_duvessa
D:5:      layout_loops_cross, minmay_temple_entry_mini_moons,
          uniq_crazy_yiuf_cottage, uniq_sigmund
D:6:      layout_basic, mainiacjoe_overflow_concentric_impassable
D:7:      layout_cave_pools, nicolae_ossuary_entry_plus, dreamdust_gnoll_farm
D:8:      layout_loops_ring, dpeg_lair_monsters, serial_undead, serial_undead_e,
          serial_undead_d, serial_undead_b, serial_undead_d, serial_undead_b,
          serial_undead_d, uniq_maggie
Temple:   mainiacjoe_temple_big_plus

Skill      XL: |  1  2  3  4  5  6  7  8  9 |
---------------+----------------------------+-----
Fighting       | 4 5 6 7 |  7.4
Armour         | 4 5 6 7 9 |  9.1
Dodging        | 1 2 3 5 |  5.0
Axes           | 3 5 6 7 8 10 | 10.6
Shields        | 4 5 6 7 |  7.4

Action                   |  1- 3 |  4- 6 |  7- 9 || total
-------------------------+-------+-------+-------++-------
Melee: War axe           |    73 |   125 |   148 ||   346
       Headbutt          |     6 |    13 |    61 ||    80
       Hand axe          |       |       |    85 ||    85
  Use: Scroll            |       |     8 |     5 ||    13
       Potion            |       |     2 |     5 ||     7
Armor: Scale mail        |    35 |    47 |    17 ||    99
       Plate armour      |       |       |    87 ||    87
Dodge: Dodged            |    36 |    55 |    74 ||   165
Block: Buckler           |    13 |    23 |     7 ||    43
       Kite shield       |       |       |    94 ||    94
